 Dungeon Crawl Stone Soup version 0.22.0 (webtiles) character file.

203 BigChef the Cutter (level 5, -5/42 HPs)
             Began as a Demonspawn Chaos Knight on Sept 3, 2018.
             Slain by an ice beast (6 damage)
             ... on level 4 of the Dungeon.
             The game lasted 00:06:25 (2724 turns).

BigChef the Cutter (Demonspawn Chaos Knight)        Turns: 2724, Time: 00:06:26

Health: -5/42      AC:  6    Str: 13    XL:     5   Next: 51%
Magic:  5/5        EV:  8    Int: 14    God:    Xom [*.....]
Gold:   82         SH:  4    Dex: 12    Spells: 4/4 levels left

rFire    . . .     SeeInvis .   a - +1 short sword (chaos)
rCold    . . .     Gourm    .   e - +0 buckler
rNeg     . . .     Faith    .   n - +0 scale mail
rPois    .         Spirit   .   (helmet restricted)
rElec    .         Reflect  .   (no cloak)
rCorr    .         Harm     .   (no gloves)
MR       .....                  (no boots)
Stlth    ..........             (no amulet)
HPRegen  0.14/turn              (no ring)
MPRegen  0.09/turn              (no ring)

@: no status effects
A: antennae 1, spiny 1
a: Renounce Religion


You were on level 4 of the Dungeon.
You worshipped Xom.
You were a special plaything of Xom.
You were not hungry.

You visited 1 branch of the dungeon, and saw 4 of its levels.

You collected 82 gold pieces.

Inventory:

Hand Weapons
 a - a +1 short sword of chaos (weapon)
Armour
 b - a +2 leather armour
 e - a +0 buckler (worn)
 n - a +0 scale mail (worn)
Scrolls
 d - a scroll of remove curse
 i - a scroll of amnesia
Potions
 g - a potion of cancellation
Comestibles
 c - 3 rations


   Skills:
 + Level 4.0 Fighting
 + Level 4.1 Short Blades
 + Level 2.7 Armour
 - Level 0.8 Dodging
 * Level 1.8 Shields


You had 4 spell levels left.
You didn't know any spells.
Your spell library was empty.

Dungeon Overview and Level Annotations

Branches:
Dungeon (4/15)
 Temple: D:4-7

Altars:
Xom


Innate Abilities, Weirdness & Mutations

You have a pair of small antennae on your head.
You are partially covered in sharp spines.


Message History

You hit the ice beast but do no damage.
The ice beast is severely wounded.
Your crimson imp disappears in a puff of smoke!
Something hits you but does no damage.
The ice beast hits you but does no damage.
Reactivating autopickup.
You feel a bit more experienced.
You closely miss the ice beast.
The ice beast is severely wounded.
Your resistance to elements expires.
The ice beast hits you but does no damage.
Unknown command.
You hit the ice beast but do no damage.
The ice beast is severely wounded.
The orc is struck by your spines. The orc hits you with a whip.
* * * LOW HITPOINT WARNING * * *
The ice beast is struck by your spines. The ice beast hits you.
* * * LOW HITPOINT WARNING * * *
The ice beast freezes you.
You die...

#.##§###.........
#>...# #.........
####.###.##.#.#..
#.†.§.# .#.# .
###.### .. . #.#
... . #.# #o# #@#
#Y# #.# #.# #.#
#.. ###


You could see an ice beast and an orc.

Vanquished Creatures
  An orc wizard (D:4)
  A gnoll (D:4)
  7 adders
  An ooze (D:1)
  2 worms (D:2)
  3 dart slugs
  A leopard gecko (D:2)
  2 orcs
  6 giant cockroaches
  2 goblins (D:3)
  4 hobgoblins
  6 jackals
  2 quokkas
  4 bats
  4 frilled lizards
  12 kobolds
  4 rats
62 creatures vanquished.

Vanquished Creatures (collateral kills)
  A centaur skeleton (D:4)
  2 gnolls (D:4)
3 creatures vanquished.

Grand Total: 65 creatures vanquished

Notes
Turn   | Place    | Note
-------+----------+-------------------------------------------
     0 | D:1      | BigChef the Demonspawn Chaos Knight began the quest for the Orb.
     0 | D:1      | Reached XP level 1. HP: 18/18 MP: 1/1
    74 | D:1      | XOM: potion effect (might)
   156 | D:1      | Gained mutation: You have a pair of small antennae on your head. [demonic ancestry]
   156 | D:1      | Reached XP level 2. HP: 20/24 MP: 2/2
   666 | D:1      | Reached XP level 3. HP: 20/29 MP: 3/3
   943 | D:2      | XOM: cloud trail
  1145 | D:2      | Reached skill level 1 in Shields
  1290 | D:2      | XOM: mild Erth miscast
  1293 | D:2      | XOM: silly message
  1330 | D:2      | XOM: cast spell 'Summon Small Mammal'
  1337 | D:2      | Reached XP level 4. HP: 31/37 MP: 4/4
  1363 | D:2      | XOM: harmless Pois miscast
  1394 | D:2      | XOM: harmless Chrm miscast
  1400 | D:2      | XOM: harmless Hex miscast
  1664 | D:3      | XOM: harmless Chrm miscast
  1763 | D:3      | XOM: harmless Ice miscast
  2206 | D:3      | XOM: harmless Conj miscast
  2651 | D:4      | Noticed an ogre
  2657 | D:4      | Gained mutation: You are partially covered in sharp spines. [demonic ancestry]
  2657 | D:4      | Reached XP level 5. HP: 28/42 MP: 5/5
  2660 | D:4      | XOM: summons 3 friendly demons
  2681 | D:4      | XOM: summons 5 friendly demons
  2694 | D:4      | XOM: scenery: create altars
  2709 | D:4      | Noticed an ice beast
  2724 | D:4      | HP: 2/42 [orc/whip (4)]
  2724 | D:4      | Slain by an ice beast

Skill      XL: |  1  2  3  4  5 |
---------------+----------------+-----
Short Blades   | 3 4 |  4.1
Armour         | 2 |  2.7
Shields        | 1 |  1.8
Fighting       | 4 |  4.0
Dodging        | |  0.8

Action                   |  1- 3 |  4- 6 || total
-------------------------+-------+-------++-------
Melee: Short sword       |   119 |   118 ||   237
  Use: Scroll            |       |     9 ||     9
       Potion            |       |     6 ||     6
 Stab: Sleeping          |     1 |       ||     1
       Paralysed         |     1 |       ||     1
       Petrifying        |       |     2 ||     2
  Eat: Chunk             |     1 |     2 ||     3
       Ration            |       |     1 ||     1
Armor: Leather armour    |    52 |       ||    52
       Scale mail        |     2 |    47 ||    49
Dodge: Dodged            |    44 |    33 ||    77
Block: Buckler           |    15 |    15 ||    30
